AoeStats
← ᅚᅚᅚᅚ

Arena

504400285Analyzed
4v4 RM · 27d ago on Sep 5, 2026· 42m 56s· 8 players
Game mode
Random Map
Map size
Large (8 player)
Population
200
Speed
Normal
Resources
Standard
Victory
Conquest
Starting age
Dark Age
Ending age
Imperial Age
RankedLock teamsTeams togetherTeam positionsShared explorationLock speedFull tech treeHidden civsTurbo modeCheats
Victory
Defeat
🇺🇸 Lithuanians · United States
1345
+13
🇨🇱 Celts · Chile
1311
+14
🇨🇱 Malay · Chile
1274
+16
🇨🇱 Jurchens · Chile
1250
+17
🇨🇳 Huns · China
1385
-21
🇨🇳 Britons · China
1251
-14
🇨🇳 Teutons · China
1237
-14
🇦🇺 Persians · Australia
1224
-13
Octosaurus
10:06 Feudal Age
11:57 Loom
14:31 Castle Age
13:06 Double-Bit Axe
13:03 Horse Collar
15:44 Bow Saw
22:43 Heavy Plow
28:10 Imperial Age
26:36 Wheelbarrow
28:16 Scale Barding Armor
28:22 Forging
28:53 Hand Cart
29:33 Cavalier
30:13 Husbandry
30:24 Bloodlines
30:36 Chain Barding Armor
30:53 Iron Casting
29:52 Light Cavalry
32:01 Conscription
31:22 Paladin
33:15 Plate Barding Armor
33:00 Winged Hussar
34:46 Crop Rotation
35:25 Two-Man Saw
36:13 Masonry
35:59 Murder Holes
35:32 Elite Leitis
39:44 Architecture
38:56 Treadmill Crane
42:34 Caravan
42:45 Guilds
NPG EL POLLA RECORDS
10:46 Feudal Age
14:40 Castle Age
13:20 Double-Bit Axe
14:32 Horse Collar
21:07 Wheelbarrow
22:43 Bow Saw
25:32 Gold Mining
27:07 Gold Shaft Mining
26:40 Loom
30:40 Imperial Age
28:17 Stone Mining
28:52 Scale Mail Armor
29:02 Forging
28:16 Pikeman
28:42 Arson
28:43 Gambesons
29:28 Heavy Plow
30:39 Hand Cart
30:15 Town Watch
31:26 Stone Shaft Mining
30:47 Halberdier
31:31 Capped Ram
33:10 Iron Casting
32:51 Chain Mail Armor
32:44 Elite Woad Raider
34:21 Conscription
37:55 Blast Furnace
37:25 Plate Mail Armor
40:15 Siege Ram
40:43 Heavy Scorpion
42:26 Furor Celtica
43:27 Ballistics
Pelantaro
12:35 Feudal Age
16:03 Castle Age
14:12 Double-Bit Axe
14:55 Horse Collar
17:28 Wheelbarrow
19:27 Town Watch
20:40 Bow Saw
22:04 Hand Cart
31:31 Scale Barding Armor
31:37 Forging
32:09 Heavy Plow
32:29 Husbandry
32:40 Bloodlines
32:52 Chain Barding Armor
35:29 Imperial Age
32:28 Light Cavalry
34:00 Iron Casting
34:36 Coinage
36:16 Hussar
37:32 Plate Barding Armor
37:58 Blast Furnace
38:15 Conscription
38:19 Loom
39:35 Banking
39:38 Fortified Bastions
41:03 Masonry
41:18 Fortified Wall
41:57 Fletching
43:15 Architecture
43:28 Hoardings
ᅚᅚᅚᅚ
11:09 Feudal Age
11:38 Wheelbarrow
11:00 Double-Bit Axe
10:56 Horse Collar
17:00 Castle Age
16:03 Loom
18:04 Bow Saw
21:22 Heavy Plow
23:50 Gold Mining
28:10 Imperial Age
26:41 Fletching
26:34 Treadmill Crane
26:47 Crossbowman
27:25 Bodkin Arrow
28:37 Squires
29:18 Ballistics
28:35 Pikeman
30:35 Chemistry
30:22 Hand Cart
30:45 Gold Shaft Mining
31:14 Murder Holes
31:42 Halberdier
32:30 Thumb Ring
32:46 Town Watch
33:33 Crop Rotation
33:14 Bracer
37:24 Conscription
40:17 Forging
39:32 Capped Ram
40:17 Arson
Tawny
0:39 Loom
12:23 Feudal Age
13:41 Wheelbarrow
17:22 Castle Age
15:57 Horse Collar
16:03 Double-Bit Axe
16:12 Stone Mining
18:05 Hand Cart
18:20 Bow Saw
25:21 Heavy Plow
25:52 Gold Mining
27:07 Forging
27:03 Scale Barding Armor
28:54 Gold Shaft Mining
28:54 Stone Shaft Mining
31:40 Imperial Age
30:03 Ballistics
29:55 Masonry
29:48 Kamandaran
29:44 Crossbowman
30:50 Bloodlines
30:41 Husbandry
31:19 Iron Casting
31:26 Chain Barding Armor
31:36 Thumb Ring
31:24 Fletching
31:39 Padded Archer Armor
31:16 Cavalier
32:20 Conscription
33:08 Blast Furnace
32:48 Crop Rotation
33:21 Two-Man Saw
32:47 Bodkin Arrow
33:07 Leather Archer Armor
34:49 Chemistry
34:21 Architecture
35:02 Plate Barding Armor
36:00 Ring Archer Armor
35:40 Savar
37:17 Hoardings
36:59 Murder Holes
乔奢费
12:14 Feudal Age
16:29 Castle Age
14:59 Double-Bit Axe
14:57 Horse Collar
17:59 Wheelbarrow
17:37 Bow Saw
17:29 Heavy Plow
23:09 Hand Cart
22:52 Gold Mining
25:48 Bloodlines
26:40 Stone Mining
29:33 Imperial Age
26:49 Loom
27:50 Scale Barding Armor
27:56 Forging
30:08 Chain Barding Armor
30:23 Iron Casting
30:16 Cavalier
32:07 Plate Barding Armor
31:56 Paladin
34:29 Chemistry
34:46 Blast Furnace
35:13 Fletching
35:26 Padded Archer Armor
35:19 Fletching
37:09 Pikeman
37:35 Gambesons
37:50 Squires
37:35 Arson
40:31 Halberdier
42:07 Scale Mail Armor
42:22 Leather Archer Armor
SB
11:45 Feudal Age
13:21 Double-Bit Axe
13:18 Horse Collar
15:51 Castle Age
16:49 Bow Saw
17:49 Heavy Plow
23:03 Wheelbarrow
23:13 Stone Mining
24:42 Hand Cart
24:47 Gold Mining
25:00 Loom
30:01 Imperial Age
28:22 Gold Shaft Mining
30:01 Scale Barding Armor
30:08 Marauders
30:38 Bloodlines
30:29 Husbandry
29:49 Light Cavalry
30:24 Elite Tarkan
31:25 Conscription
31:36 Chain Barding Armor
33:00 Plate Barding Armor
32:36 Forging
33:48 Conscription
39:00 Hussar
xcfotrp131
10:32 Feudal Age
14:53 Castle Age
13:43 Double-Bit Axe
14:20 Horse Collar
19:28 Loom
Connection lost

Rejoining the realm…

Still unreachable

The connection could not be restored.

Session expired

The server has moved on; the page needs a fresh start.